 Dungeon Crawl Stone Soup version 0.30-a0-634-g8abc85282e (webtiles) character file.

Game seed: 6185494726912397915

6170 wormed the Covert (level 10, -7/138 HPs)
             Began as a Naga Berserker on Jan 14, 2023.
             Was a Priest of Trog.
             Mangled by an orc warrior
             ... wielding a +0 mace
              (15 damage)
             ... on level 9 of the Dungeon.
             The game lasted 00:12:58 (8281 turns).

wormed the Covert (Naga Berserker)                  Turns: 8281, Time: 00:12:59

Health: -7/138     AC:  6    Str: 20    XL:     10   Next: 91%
Magic:  10/10      EV: 17    Int:  7    God:    Trog [***...]
Gold:   307        SH:  0    Dex: 15    Spells: 9/9 levels left

rFire   . . .      SeeInvis +    f - +2 spear (venom)
rCold   . . .      Faith    .    (no shield)
rNeg    . . .      Spirit   .    b - +2 robe {Will+}
rPois   +          Reflect  .    A - +0 hat
rElec   .          Harm     .    (no cloak)
rCorr   .          Rampage  .    (no gloves)
Will    ++++.                    (no barding) Stlth
                                 h - amulet of regeneration
HPRegen 2.23/turn                v - +5 ring of evasion
MPRegen 0.12/turn                (no ring)

@: berserking, strong-willed, regenerating, slowed, very slow
A: AC +3, large, see invisible, deformed body, poison resistance, slowness 2,
spit poison 1, naga tail 1
a: Spit Poison, Renounce Religion, Berserk, Trog's Hand


You were on level 9 of the Dungeon.
You worshipped Trog.
Trog was most pleased with you.
You visited 1 branch of the dungeon, and saw 9 of its levels.

You collected 582 gold pieces.
You spent 275 gold pieces at shops.

Inventory:

Hand Weapons
 f - a +2 spear of venom (weapon)
Missiles
 n - 21 poisoned darts
 p - 16 javelins
 x - a curare-tipped dart
Armour
 b - a +2 robe of willpower (worn)
 A - a +0 hat (worn)
Jewellery
 h - an amulet of regeneration (around neck)
 k - an amulet of magic regeneration
 v - a +5 ring of evasion (left hand)
 y - an amulet of faith
Wands
 j - a wand of iceblast (5) (quivered)
 u - a wand of paralysis (3)
 z - a wand of light (4)
Scrolls
 l - 6 scrolls of enchant armour
 q - a scroll of summoning
 r - 3 scrolls of identify
 w - 4 scrolls of teleportation
Potions
 a - a potion of berserk rage
 c - 3 potions of flight
 d - 7 potions of curing
 e - 5 potions of cancellation
 g - a potion of lignification
 i - a potion of resistance
 m - 3 potions of attraction
 o - 3 potions of haste
 s - a potion of mutation
 t - a potion of degeneration


   Skills:
 + Level 6.6 Fighting
 * Level 9.2 Polearms
 + Level 5.3 Armour
 + Level 5.3 Dodging
 + Level 9.4 Stealth
 + Level 5.3 Shields


You had 9 spell levels left.
You didn't know any spells.
Your spell library was empty.

Dungeon Overview and Level Annotations

Branches:
Dungeon (9/15)             Temple (0/1) D:4            Lair (0/5) D:8
    Orc: D:9-12

Altars:
Ru

Shops:
D:3 ([(=

Annotations:
D:4 3 runed translucent doors, Dittersdorf's ghost, amateur GrFi


Innate Abilities, Weirdness & Mutations

Your serpentine skin is tough. (AC +3)
You have supernaturally acute eyesight. (SInv)
Armour fits poorly on your strangely shaped body.
Your system is resistant to poisons. (rPois)
You cover ground very slowly.
You can spit poison.
You have a snake-like lower body.


Message History

The orc hits you with a +0 mace. The orc misses you.
The orc warrior hits you with a +0 mace!
The wraith misses you. The orc barely misses you. The orc closely misses you.
Your skin crawls.
You feel strong-willed.
You can no longer call in reinforcements.
The orc warrior hits you with a +0 mace!
* * * LOW HITPOINT WARNING * * *
The wraith barely misses you. The orc hits you with a +0 mace.
* * * LOW HITPOINT WARNING * * *
The orc hits you with a +0 short sword.
* * * LOW HITPOINT WARNING * * *
The orc warrior misses you.
A red film seems to cover your vision as you go berserk!
You feel yourself moving faster!
You feel mighty! The wraith misses you. The orc completely misses you.
The orc hits you with a +0 short sword.
* * * LOW HITPOINT WARNING * * *
The orc warrior hits you with a +0 mace!
* * * LOW HITPOINT WARNING * * *
The wraith barely misses you. The orc closely misses you.
The orc hits you but does no damage.
You barely miss the orc warrior. The orc warrior barely misses you.
You puncture the orc!
You kill the orc!
Trog accepts your kill. The wraith hits you but does no damage.
The orc hits you with a +0 short sword.
* * * LOW HITPOINT WARNING * * *
The orc warrior hits you with a +0 mace.
* * * LOW HITPOINT WARNING * * *
You puncture the orc!
You kill the orc!
Trog accepts your kill. The wraith hits you!
* * * LOW HITPOINT WARNING * * *
The wraith drains your vigour!
You feel as though you will be slow longer.
You hit the orc warrior.
The orc warrior is poisoned.
The orc warrior is lightly wounded.
The orc warrior hits you with a +0 mace!
You die...

._.........#
...#.#.#...# #.#
#.##.#.#...# #.#
.....#.##### #.#
#.####.### #.#
.......#.# ###.########
#.######.####...........
#........'..'....)......
#........####...@W...$..
#........# #...)o..).^.
#........# #.......$...
#........# #...........
########## ###...#.....
..###..... ### .... .###


You could see a wraith and an orc warrior (very poisoned).

Vanquished Creatures
  A centaur warrior (D:9)
  An ugly thing (D:8)
  A komodo dragon (D:8)
  A troll (D:8)
  Sigmund (D:6)
  6 yaks (D:9)
  An acid dragon (D:8)
  Edmund (D:6)
  3 orc warriors
  2 water moccasins
  A sky beast (D:7)
  3 black bears
  3 ogres
  4 ice beasts
  2 centaurs (D:6)
  A phantom (D:6)
  2 bullfrogs (D:8)
  3 kobold brigands
  A necrophage (D:4)
  A gnoll sergeant (D:5)
  2 scorpions
  4 killer bees (D:9)
  A howler monkey (D:9)
  7 electric eels (D:7)
  3 jellies
  3 hounds
  3 orc priests
  4 iguanas
  4 orc wizards
  Robin (D:4)
  4 gnolls (D:5)
  7 adders
  A shadow imp (D:5)
  2 white imps
  2 ufetubi
  2 worms (D:2)
  A dart slug (D:2)
  31 orcs
  3 ball pythons
  8 endoplasms
  16 hobgoblins
  2 jackals (D:2)
  19 kobolds
  7 quokkas
  6 bats
  2 frilled lizards
  11 goblins
  6 rats
201 creatures vanquished.

Vanquished Creatures (others)
  5 fungi (D:8)
  18 plants
23 creatures vanquished.

Grand Total: 224 creatures vanquished

Notes
Turn   | Place    | Note
-------+----------+-------------------------------------------
     0 | D:1      | wormed the Naga Berserker began the quest for the Orb.
     0 | D:1      | Reached XP level 1. HP: 21/21 MP: 1/1
   167 | D:1      | Reached skill level 1 in Stealth
   235 | D:1      | Reached XP level 2. HP: 28/28 MP: 2/2
   805 | D:2      | Reached XP level 3. HP: 21/34 MP: 3/3
   908 | D:2      | Reached ** piety under Trog
   998 | D:2      | Identified the +0 whip "Jelly's Bane" {vamp, Will+ Str+2
                  | Int+3}
  1412 | D:3      | Found Xoyrr's Jewellery Boutique.
  1496 | D:3      | Reached XP level 4. HP: 39/42 MP: 4/4
  1517 | D:3      | Found Awecar's Antique Armour Boutique.
  1797 | D:3      | Reached skill level 1 in Shields
  1797 | D:3      | Reached XP level 5. HP: 33/49 MP: 5/5
  1914 | D:3      | Found Kedi's Weapon Boutique.
  1974 | D:3      | Found Jouh's Antique Weapon Shop.
  2309 | D:4      | Found a staircase to the Ecumenical Temple.
  2338 | D:4      | Noticed Robin
  2358 | D:4      | Killed Robin
  2862 | D:4      | Reached XP level 6. HP: 39/56 MP: 6/6
  3031 | D:4      | Identified the +9 sling of the Empty Page {drain, rN++
                  | Dex+4 SInv Stlth+}
  3032 | D:4      | Found a runed translucent gate.
  3032 | D:4      | Found a runed translucent gate.
  3032 | D:4      | Found a runed translucent gate.
  3033 | D:4      | Noticed Dittersdorf's ghost (amateur GrFi)
  3367 | D:5      | Entered Level 5 of the Dungeon
  3449 | D:5      | Noticed an ice beast
  3475 | D:5      | Killed an ice beast
  3604 | D:5      | You fall into a shaft and drop 3 floors!
  3643 | D:8      | Noticed an acid dragon
  3774 | D:8      | Noticed a green ugly thing
  3798 | D:8      | Reached XP level 7. HP: 53/63 MP: 7/7
  3814 | D:8      | HP: 3/63 [kobold/+0 short sword (4)]
  3814 | D:8      | HP: 1/63 [kobold/+4 dagger (2)]
  3815 | D:8      | Reached skill level 5 in Polearms
  4170 | D:5      | Reached XP level 8. HP: 39/72 MP: 8/8
  4244 | D:5      | Reached skill level 5 in Stealth
  4248 | D:5      | Reached *** piety under Trog
  5063 | D:6      | Noticed Sigmund
  5069 | D:6      | Killed Sigmund
  5180 | D:6      | Reached skill level 5 in Fighting
  5221 | D:6      | Noticed Edmund
  5228 | D:6      | Reached XP level 9. HP: 46/81 MP: 9/9
  5235 | D:6      | Killed Edmund
  6147 | D:7      | Reached **** piety under Trog
  6728 | D:8      | Noticed a komodo dragon
  6915 | D:8      | Noticed a troll
  6930 | D:8      | Killed a troll
  6936 | D:8      | Killed a green ugly thing
  6937 | D:8      | Reached XP level 10. HP: 74/91 MP: 10/10
  7104 | D:8      | Found a staircase to the Lair.
  7539 | D:3      | Bought a pair of faintly glowing gloves for 275 gold pieces
  7539 | D:3      | Identified the +2 pair of gloves of the Dice {rPois rCorr
                  | Str-2} (You bought it in a shop on level 3 of the Dungeon)
  7810 | D:9      | Noticed a centaur warrior
  7818 | D:9      | Killed a centaur warrior
  7819 | D:9      | Reached skill level 5 in Armour
  7819 | D:9      | Reached skill level 5 in Dodging
  7819 | D:9      | Reached skill level 5 in Shields
  8138 | D:9      | Found a sacrificial altar of Ru.
  8281 | D:9      | Mangled by an orc warrior

Illustrated notes

Levels and vault maps discovered:
D:1:      wander_arrival_chamber, layout_basic, bh_walls_and_bars
D:2:      layout_basic
D:3:      layout_basic, serial_shops, nicolae_shop_bloodbath_and_beyond,
          shop_fountains, nicolae_square_shop, shop, grunt_ministairs_7
D:4:      layout_loops_ring, minmay_temple_entry_mist,
          biasface_ghost_orc_armoury, minmay_misc_feat_square, uniq_robin
D:5:      layout_loops_ring
D:6:      layout_loops_ring, uniq_edmund, uniq_sigmund
D:7:      layout_basic, serial_bayou, serial_bayou_pond_e, serial_bayou_lake_a,
          serial_bayou_pond_e, serial_bayou_shore_b, enter_bailey_3
D:8:      minmay_curly_fans, layout_cave_pods, grunt_lair_entry_orc_guard_hut,
          sigmund_army
D:9:      layout_basic, nicolae_ru_sacrificial_ziggurat, serial_curves,
          eino_curves_03, eino_curves_01

Skill      XL: |  1  2  3  4  5  6  7  8  9 10 |
---------------+-------------------------------+-----
Stealth        | 1 2 3 4 6 8 9 |  9.4
Armour         | 2 3 4 5 |  5.3
Dodging        | 2 3 4 5 |  5.3
Shields        | 1 2 3 4 5 |  5.3
Polearms       | 4 5 6 8 9 |  9.2
Fighting       | 4 5 6 |  6.6

Action                   |  1- 3 |  4- 6 |  7- 9 | 10-12 || total
-------------------------+-------+-------+-------+-------++-------
Melee: Spear             |   126 |   276 |   424 |   225 ||  1051
       Punch             |       |     6 |     8 |     6 ||    20
Invok: Berserk           |     1 |     3 |     8 |     4 ||    16
       Trog's Hand       |       |       |     1 |     2 ||     3
 Abil: Spit Poison       |       |       |     1 |       ||     1
Evoke: Wand              |       |       |     4 |       ||     4
  Use: Scroll            |     9 |     7 |     8 |     1 ||    25
       Potion            |       |       |     4 |     2 ||     6
 Stab: Sleeping          |     3 |     5 |     6 |     2 ||    16
       Distracted        |       |       |     2 |       ||     2
Armor: Animal skin       |     2 |       |       |       ||     2
       Leather armour    |    16 |    64 |    52 |       ||   132
       Robe              |       |       |    34 |    25 ||    59
Dodge: Dodged            |    48 |   140 |   226 |   134 ||   548

Table legend: (Time is in decaauts)
 A = Elapsed time spent in this place.
 B = Non-inter-level travel time spent in this place.
 C = Inter-level travel time spent in this place.
 D = Time resting spent in this place.
 E = Time spent auto-exploring this place.
 F = Levels seen in this place.
 G = Mean time per level.
                   A        B        C        D        E       F      G
               +--------+--------+--------+--------+--------+-----+--------+
         Total |  10633 |   9611 |   1022 |    271 |   7430 |   9 | 1181.4 |
       Dungeon |  10633 |   9611 |   1022 |    271 |   7430 |   9 | 1181.4 |
               +--------+--------+--------+--------+--------+-----+--------+

Top non-repeatable levels by time:
     D:4: 1524 daAuts
     D:7: 1402 daAuts
     D:8: 1343 daAuts
     D:3: 1312 daAuts
     D:5: 1286 daAuts
     D:6: 1261 daAuts
     D:1: 947 daAuts
     D:2: 937 daAuts
     D:9: 618 daAuts
